Map: Vaani Research Station (Void)

Players

Kedar

  • Race: Terran Terran
  • League: Diamond
  • Spawn Location: 12:00

Trizztein - Winner!

  • Race: Terran Terran
  • League: Diamond
  • Spawn Location: 6:00

VOD

Have the link to the VOD?

Description

Time

  • Played on: Dec. 14, 2016, 7:04 p.m.
  • Length: 8:41
Show
View Real Time Build Order
Export as new Build Order

Kedar Terran 

Build Orders: Reaper Expand 

Get SALT Encoding   

  12  0:00  SCV  
  13  0:13  SCV  
  14  0:18  Supply Depot  
  14  0:25  SCV  
  15  0:40  SCV  
  15  0:42  Barracks  
  16  0:45  Refinery  
  16  0:52  SCV  
  17  1:04  SCV  
  18  1:16  SCV  
  19  1:30  Reaper  
  19  1:32  Orbital Command  
  20  1:48  Command Center  
  20  1:58  SCV  
  21  2:05  Marine  
  21  2:06  Supply Depot  
  22  2:10  Refinery  
  21  2:16  SCV  
  22  2:23  Marine  
  22  2:28  SCV  
  24  2:32  Factory  
  24  2:40  SCV  
  24  2:41  Marine  
  26  2:52  SCV  
  26  2:59  Marine  
  27  3:08  SCV  
  27  3:09  Orbital Command  
  28  3:16  Marine  
  28  3:17  Factory Tech Lab  
  28  3:18  Starport  
  29  3:22  SCV  
  30  3:33  Supply Depot  
  30  3:37  Marine  
  30  3:38  Siege Tank  
  30  3:39  SCV  
  35  3:44  SCV  
  36  3:55  Barracks Tech Lab  
  36  3:57  SCV x2  
  36  4:02  Medivac  
  40  4:09  SCV  
  41  4:10  Siege Tank  
  44  4:17  Supply Depot, Marine  
  44  4:19  Stimpack  
  44  4:20  SCV  
  44  4:21  SCV  
  47  4:27  Supply Depot  
  47  4:32  SCV  
  47  4:33  SCV, Medivac  
  47  4:35  Marine  
  52  4:44  SCV  
  54  4:45  SCV  
  54  4:48  Engineering Bay  
  54  4:56  SCV, Marine  
  54  4:57  SCV  
  57  5:03  Viking  
  59  5:14  Marine, Barracks  
  59  5:15  Missile Turret, Barracks  
  59  5:17  Missile Turret  
  60  5:30  Terran Infantry Weapons Level 1  
  60  5:32  Marine  
  60  5:33  SCV x2  
  60  5:34  Refinery  
  63  5:37  Refinery  
  63  5:38  Supply Depot  
  63  5:45  SCV  
  63  5:47  SCV  
  65  5:50  Marine  
  66  5:57  SCV  
  66  5:59  SCV  
  66  6:01  Supply Depot  
  66  6:02  Supply Depot x2  
  66  6:03  Barracks Reactor x2  
  68  6:08  Marine  
  68  6:10  SCV  
  68  6:11  SCV  
  71  6:22  SCV  
  71  6:23  SCV  
  70  6:26  Marine  
  69  6:43  Marine  
  53  6:58  Marine x2  
  53  6:59  Marine x2  
  53  7:01  Marine, Siege Tank  
  60  7:08  Command Center  
  59  7:16  Marine x2  
  59  7:17  Marine  
  59  7:18  SCV  
  50  7:30  SCV  
  34  7:37  Marine  
  34  7:38  Marine x4  
  34  7:42  SCV  
  39  7:55  Marine  
  39  7:56  Marine x3  
  34  8:11  Marine  
  34  8:17  Marine  
  34  8:18  Marine x3  
Show
View Real Time Build Order
Export as new Build Order

Trizztein Terran - Winner!

Build Orders: Reaper Expand, Mech 

Get SALT Encoding   

  12  0:00  SCV  
  13  0:12  SCV  
  14  0:19  Supply Depot  
  14  0:25  SCV  
  15  0:40  SCV  
  15  0:42  Barracks  
  16  0:46  Refinery  
  16  0:52  SCV  
  17  1:04  SCV  
  18  1:16  SCV  
  19  1:35  Orbital Command, Reaper  
  20  1:54  Command Center  
  21  2:01  SCV  
  21  2:12  Supply Depot  
  21  2:16  Refinery  
  21  2:17  Barracks Reactor  
  21  2:23  SCV  
  21  2:26  Factory  
  22  2:35  SCV  
  23  2:47  SCV  
  24  2:59  SCV  
  24  3:04  Marine x2  
  27  3:08  Orbital Command  
  27  3:11  SCV  
  28  3:14  Factory Tech Lab  
  28  3:15  Starport  
  28  3:22  Marine x2  
  28  3:23  SCV  
  31  3:30  Supply Depot  
  31  3:36  SCV, Siege Tank  
  31  3:39  SCV  
  36  3:45  Marine x2  
  36  3:48  SCV  
  39  3:51  SCV  
  39  3:53  Starport Tech Lab  
  40  3:57  Refinery  
  40  4:00  SCV  
  41  4:03  SCV, Marine x2  
  44  4:12  SCV  
  44  4:13  Raven  
  44  4:16  SCV  
  48  4:23  Refinery  
  48  4:24  SCV  
  48  4:27  Supply Depot  
  48  4:28  SCV  
  48  4:29  Marine x2  
  52  4:36  SCV  
  53  4:40  SCV  
  54  4:48  SCV, Siege Tank  
  54  4:50  Supply Depot  
  58  4:55  SCV  
  59  5:01  SCV  
  59  5:02  Command Center  
  60  5:07  SCV  
  60  5:11  Medivac x2  
  60  5:13  SCV  
  66  5:16  Supply Depot  
  66  5:20  Barracks Reactor  
  66  5:23  Factory x2  
  66  5:26  Siege Tank  
  69  5:35  SCV  
  70  5:38  SCV, Armory  
  70  5:40  Supply Depot  
  71  5:47  SCV  
  72  5:58  SCV  
  72  5:59  SCV  
  72  6:01  Marine x2  
  72  6:02  Siege Tank  
  72  6:03  Supply Depot  
  79  6:04  Viking x2  
  79  6:10  SCV  
  84  6:11  SCV  
  84  6:13  Engineering Bay  
  85  6:22  SCV  
  78  6:26  Marine  
  79  6:34  Viking x2, Marine, Siege Tank  
  81  6:46  SCV  
  71  6:50  SCV  
  71  6:52  Marine  
  72  7:03  SCV  
  72  7:04  Orbital Command  
  72  7:06  Siege Tank  
  72  7:07  Factory Reactor  
  75  7:10  Marine  
  75  7:11  Medivac, SCV, Viking  
  80  7:26  SCV  
  71  7:52  SCV x2  
  71  7:55  Orbital Command  
  71  8:04  SCV  
  72  8:11  Refinery  
Tags
 
Add a new tag
Caveats
  • Supply blocks, unpowered buildings, or Contaminate may cause inaccurate times.
  • Supply counts are checked every 10 seconds.